 Dungeon Crawl Stone Soup version 0.31-a0-210-gccc998df9b (webtiles) character file.

Game seed: 8187100851446176162

294 qw the Chopper (level 6, 0/39 HPs)
             Began as a Gargoyle Fighter on June 29, 2023.
             Slain by Sigmund
             ... wielding a +0 scythe
              (4 damage)
             ... on level 4 of the Dungeon.
             The game lasted 00:01:55 (3238 turns).

qw the Chopper (Gargoyle Fighter)                   Turns: 3238, Time: 00:01:56

Health: 0/39       AC: 17    Str: 22    XL:     6   Next: 33%
Magic:  0/6        EV:  9    Int:  8    God:
Gold:   178        SH:  4    Dex:  9    Spells: 5/5 levels left

rFire   . . .        Y - +1 war axe
rCold   . . .        c - +0 buckler
rNeg    + . .        b - +0 scale mail
rPois   inf          (no helmet)
rElec   +            (no cloak)
rCorr   .            e - +0 pair of gloves
SInv    .            a - +0 pair of boots
Will    .....        f - amulet of guardian spirit Stlth
                     h - +4 ring of protection
HPRegen 0.26/turn    (no ring)
MPRegen 0.10/turn

%: guardian spirit
@: no status effects
A: sickness immunity, AC +4, negative energy resistance 1, electricity
resistance, torment resistance 1, petrification resistance
a: no special abilities


You were on level 4 of the Dungeon.
You visited 1 branch of the dungeon, and saw 4 of its levels.
You also visited: Sewer.

You collected 178 gold pieces.


Innate Abilities, Weirdness & Mutations

You are immune to sickness and miasma.
Your stone body is resilient. (AC +4)
You are immune to poison.
You resist negative energy. (rN+)
You are resistant to electric shocks. (rElec)
You are resistant to unholy torment.
You are immune to petrification.


   Skills:
 - Level 4.4 Fighting
 - Level 5.3 Axes
 - Level 3.2 Armour
 + Level 0.0 Dodging
 - Level 3.2 Shields


You had 5 spell levels left.
You didn't know any spells.
Your spell library was empty.

Inventory:

Hand Weapons
 g - a +0 morningstar
 Y - a +1 war axe (weapon)
Armour
 a - a +0 pair of boots (worn)
 b - a +0 scale mail (worn)
 c - a +0 buckler (worn)
 e - a +0 pair of gloves (worn)
Jewellery
 f - an amulet of guardian spirit (around neck)
 h - a +4 ring of protection (left hand)
 m - a ring of fire
Scrolls
 j - a scroll of teleportation
Potions
 d - a potion of might
 i - a potion of haste {unknown}
 k - a potion of curing {unknown}
 l - a potion of ambrosia {unknown}

Dungeon Overview and Level Annotations

Branches:
Dungeon (4/15)              Sewer (visited)
 Temple: D:4-7

Altars:

Annotations:
D:4 Sigmund


Message History

As you read the scroll of teleportation, it crumbles to dust.
You feel strangely unstable. Sigmund casts a spell at you.
You are confused.
Sigmund mumbles some strange words.
Sigmund flickers and vanishes!
Deactivating autopickup; reactivate with Ctrl-A.
Autopickup is now on.
Something hits you but does no damage.
Deactivating autopickup; reactivate with Ctrl-A.
Autopickup is now on.
Something hits you!
Deactivating autopickup; reactivate with Ctrl-A.
Autopickup is now on.
Your surroundings suddenly seem different.
Found a dagger.
Found a stone staircase leading up.
You feel less confused.
You start resting.
A magic dart appears from out of thin air!
Deactivating autopickup; reactivate with Ctrl-A.
The magic dart hits you but does no damage.
You swing at nothing.
You swing at nothing.
You swing at nothing.
You swing at nothing.
You swing at nothing.
You hear some strange, mumbled words.
A puff of flame appears from out of thin air!
The puff of flame hits you but does no damage.
Something hits you!
You swing at nothing.
You swing at nothing.
Something hits you but does no damage.
You swing at nothing.
Something hits you but does no damage.
You swing at nothing.
Something hits you.
You swing at nothing.
Something hits you.
You die...

.........#
........##
........#
.......
.......####
##.
........#....
...{....#
#......#
#.@....#
#......#
#....<....
#.....#...
..........
...)....#..
.##.#.... .
## #.......


There were no monsters in sight!

Vanquished Creatures
  2 bullfrogs (Sewer)
  6 adders
  2 worms (D:2)
  A dart slug (D:2)
  An orc (D:2)
  10 endoplasms
  11 giant cockroaches
  4 goblins
  3 hobgoblins
  3 jackals (D:2)
  19 quokkas
  16 ball pythons
  4 bats
  5 frilled lizards (Sewer)
  6 kobolds
  3 rats (D:1)
96 creatures vanquished.

Notes
Turn   | Place    | Note
-------+----------+-------------------------------------------
     0 | D:1      | qw the Gargoyle Fighter began the quest for the Orb.
     0 | D:1      | Reached XP level 1. HP: 14/14 MP: 1/1
     0 | D:1      | 0 ||| qw: Version: 0.3-a-24-ga2abf7b
     0 | D:1      | 0 ||| qw: Game counter: 6916
     0 | D:1      | 0 ||| qw: Melee chars always use a shield: true
     0 | D:1      | 0 ||| qw: God list: Okawaru
     0 | D:1      | 0 ||| qw: Allow faded altars: false
     0 | D:1      | 0 ||| qw: Do Orc after clearing Dungeon:15 true
     0 | D:1      | 0 ||| qw: Do second Lair branch before Depths: true
     0 | D:1      | 0 ||| qw: Lair rune preference: random
     0 | D:1      | 0 ||| qw: Goals: Normal, Zot:1-4, Slime:5, God:TSO, Crypt,
                  | Tomb, Abyss, Pan, Hells, Win
     0 | D:1      | 0 ||| PLANNING D:1-11
   156 | D:1      | Reached skill level 2 in Axes
   374 | D:1      | Reached XP level 2. HP: 19/19 MP: 2/2
   490 | D:1      | 490 ||| FLEEEEING.
   491 | D:1      | 491 ||| FLEEEEING.
   525 | D:1      | 525 ||| Stepping ~*~*~tactically~*~*~ (stealth).
   527 | D:1      | 527 ||| Stepping ~*~*~tactically~*~*~ (stealth).
   740 | D:1      | Reached skill level 3 in Axes
   954 | D:1      | 954 ||| UPGRADING to amulet of guardian spirit.
   959 | D:1      | 959 ||| UPGRADING to +4 ring of protection.
   960 | D:1      | 960 ||| READING scroll labelled ASYDWA OPHUI.
   961 | D:1      | 961 ||| READING scroll labelled WIAKHL KAGUNNA.
  1032 | D:2      | 1032 ||| Stepping ~*~*~tactically~*~*~ (hiding).
  1045 | D:2      | Reached XP level 3. HP: 23/23 MP: 3/3
  1075 | D:2      | 1075 ||| Stepping ~*~*~tactically~*~*~ (stealth).
  1166 | D:2      | 1166 ||| Stepping ~*~*~tactically~*~*~ (stealth).
  1167 | D:2      | 1167 ||| Stepping ~*~*~tactically~*~*~ (stealth).
  1173 | D:2      | 1173 ||| DROPPING +0 club.
  1430 | D:2      | 1430 ||| DROPPING +0 flail of protection.
  1585 | D:2      | 1585 ||| Stepping ~*~*~tactically~*~*~ (stealth).
  1598 | D:2      | Reached XP level 4. HP: 25/28 MP: 4/4
  1981 | D:2      | 1981 ||| UPGRADING to +0 pair of boots.
  1986 | D:2      | 1986 ||| READING 2 scrolls labelled OJIEDOPYNLU.
  1989 | D:2      | 1989 ||| READING scroll labelled MAUNLA UHAISUI.
  1990 | D:2      | 1990 ||| DRINKING 2 amethyst potions.
  1991 | D:2      | 1991 ||| DROPPING potion of degeneration.
  2018 | D:3      | 2018 ||| PLANNING SEWER
  2079 | D:3      | Reached skill level 4 in Axes
  2435 | D:3      | Found a glowing drain.
  2446 | D:3      | 2446 ||| UPGRADING to +0 pair of gloves.
  2476 | Sewer    | Entered a sewer
  2522 | Sewer    | 2522 ||| Stepping ~*~*~tactically~*~*~ (water).
  2588 | Sewer    | 2588 ||| Stepping ~*~*~tactically~*~*~ (water).
  2662 | Sewer    | Reached XP level 5. HP: 29/32 MP: 5/5
  2680 | Sewer    | 2680 ||| Stepping ~*~*~tactically~*~*~ (stealth).
  2687 | Sewer    | 2687 ||| Stepping ~*~*~tactically~*~*~ (water).
  2715 | Sewer    | 2715 ||| Stepping ~*~*~tactically~*~*~ (water).
  2745 | Sewer    | 2745 ||| Stepping ~*~*~tactically~*~*~ (water).
  2771 | Sewer    | 2771 ||| Stepping ~*~*~tactically~*~*~ (water).
  2848 | Sewer    | Reached skill level 5 in Axes
  2871 | Sewer    | Reached XP level 6. HP: 36/39 MP: 4/6
  2909 | D:3      | 2909 ||| PLANNING D:1-11
  3160 | D:4      | Noticed Sigmund
  3192 | D:4      | HP: 6/39 [something/puff of flame (6)]
  3197 | D:4      | 3197 ||| READING 2 scrolls of teleportation.
  3200 | D:4      | HP: 2/39 [something (6)]
  3233 | D:4      | HP: 5/39 [something (6)]
  3238 | D:4      | Slain by Sigmund

Levels and vault maps discovered:
D:1:      sevenhm_arrival_forest_fort_small_5, layout_basic, st_stairs_2,
          minmay_misc_feat_cross, chequers_serial_rivers_small_3
D:2:      layout_basic, minmay_pentomino_s2
D:3:      layout_loops_ring, portal_sewer_entry_f
D:4:      layout_rooms, mainiacjoe_overflow_brackets, uniq_grinder,
          uniq_crazy_yiuf_cottage, uniq_natasha, uniq_sigmund

Skill      XL: |  1  2  3  4  5 |
---------------+----------------+-----
Axes           | 2 3 4 5 |  5.3
Fighting       | 4 |  4.4
Armour         | |  3.2
Shields        | |  3.2

Action                     |  1- 3 |  4- 6 || total
---------------------------+-------+-------++-------
  Melee: War axe           |   139 |   190 ||   329
    Use: Scroll            |     2 |     3 ||     5
         Potion            |       |     1 ||     1
 Armour: Scale mail        |    77 |   156 ||   233
  Dodge: Dodged            |    53 |    99 ||   152
  Block: Buckler           |    30 |    33 ||    63

Table legend:
 A = Non-vault XP
 B = Vault XP
 C = Vault XP percentage of total XP
 D = Non-vault monster count
 E = Vault monster count
 F = Vault count percentage of total count
                 A         B        C        D         E       F
            +---------+---------+-------+---------+---------+-------
      Total |     111 |     309 |  73.6 |      40 |      56 |  58.3
            +---------+---------+-------+---------+---------+-------
        D:1 |      28 |       4 |  12.5 |      18 |       3 |  14.3
        D:2 |      64 |       2 |   3.0 |      18 |       1 |   5.3
        D:3 |      19 |      10 |  34.5 |       4 |       5 |  55.6
      Sewer |       0 |     293 | 100.0 |       0 |      47 | 100.0
            +---------+---------+-------+---------+---------+-------
